AoeStats
← OJ

Nomad

511012270Analyzed
3v3 RM · 9h ago on Oct 3, 2026· 46m 43s· 6 players
Game mode
Random Map
Map size
210×210
Population
200
Speed
Normal
Resources
Standard
Victory
Conquest
Starting age
Dark Age
Ending age
Imperial Age
RankedLock teamsTeams togetherTeam positionsShared explorationLock speedFull tech treeHidden civsTurbo modeCheats
Victory
Defeat
🇨🇿 Britons · Czechia
1040
+39
🇨🇳 Gurjaras · China
1029
+14
🇨🇭 Japanese · Switzerland
980
+15
🇩🇪 Bohemians · Germany
1004
-15
🇭🇰 Italians · Hong Kong SAR China
968
-14
🇬🇧 Byzantines · United Kingdom
954
-13
Twör
3:53 Loom
13:33 Feudal Age
14:24 Double-Bit Axe
20:36 Castle Age
20:42 Wheelbarrow
20:12 Stone Mining
21:02 Gold Mining
21:46 Medium Warships
22:15 Bow Saw
22:43 Gold Shaft Mining
22:13 Pikeman
24:27 Horse Collar
25:22 Fletching
27:23 Scale Mail Armor
29:24 Squires
31:27 Fishing Lines
33:00 Gillnets
33:32 Heavy Plow
35:33 Bodkin Arrow
37:08 Forging
37:14 Chain Mail Armor
37:26 Ballistics
41:36 Imperial Age
39:26 Hand Cart
39:36 Murder Holes
40:23 Iron Casting
41:13 Arson
41:18 Town Watch
42:42 Kataparuto
45:23 Plate Mail Armor
45:54 Blast Furnace
47:45 Chemistry
OJ
19:21 Feudal Age
21:33 Horse Collar
30:52 Fletching
35:57 Castle Age
36:20 Crossbowman
37:40 Heavy Plow
39:08 Bodkin Arrow
39:17 Double-Bit Axe
41:07 Ballistics
42:10 Wheelbarrow
42:13 Padded Archer Armor
46:14 Heated Shot
wujiang
4:57 Loom
16:40 Feudal Age
17:26 Double-Bit Axe
20:49 Castle Age
18:51 Gold Mining
19:46 Bloodlines
20:26 Scale Barding Armor
20:32 Forging
23:24 Wheelbarrow
24:06 Chain Barding Armor
26:51 Horse Collar
29:00 Hand Cart
31:56 Scale Mail Armor
32:35 Iron Casting
38:16 Imperial Age
38:29 Elite Shrivamsha Rider
39:10 Husbandry
41:05 Plate Barding Armor
41:45 Bow Saw
44:38 Conscription
Maudi
3:37 Loom
17:01 Feudal Age
25:10 Castle Age
23:47 Fletching
24:44 Forging
24:35 Scale Mail Armor
25:16 Pikeman
25:47 Town Watch
28:09 Bodkin Arrow
28:58 Double-Bit Axe
33:48 Fervor
40:35 Bow Saw
40:26 Crossbowman
41:11 Padded Archer Armor
BabyShark
4:40 Loom
17:52 Feudal Age
23:09 Castle Age
22:43 Fletching
23:27 Gold Mining
27:56 Town Watch
32:44 Imperial Age
31:32 Ballistics
30:54 Treadmill Crane
33:14 Wheelbarrow
34:45 Conscription
35:41 Bodkin Arrow
36:49 Chemistry
39:56 Hand Cart
42:46 Bracer
Kaizoku Oh
15:41 Feudal Age
35:53 Castle Age
35:10 Horse Collar
35:19 Double-Bit Axe
36:47 Crossbowman
37:32 Thumb Ring
39:14 Padded Archer Armor
41:20 Wheelbarrow
45:31 Bow Saw
45:15 Fletching
46:22 Hand Cart
Connection lost

Rejoining the realm…

Still unreachable

The connection could not be restored.

Session expired

The server has moved on; the page needs a fresh start.